 Dungeon Crawl Stone Soup version 0.32-a0-39-g5c88369fb2 (webtiles) character file.

Game seed: 1648082227051132949

3234 Ge0ff the Thaumaturge (level 9, 0/63 HPs)
             Began as a Mummy Cinder Acolyte on Jan 31, 2024.
             Was a Priest of Ignis.
             Slain by an acid dragon (3 damage)
             ... on level 7 of the Dungeon.
             The game lasted 00:13:47 (9030 turns).

Ge0ff the Thaumaturge (Mummy Cinder Acolyte)        Turns: 9030, Time: 00:13:47

Health: 0/63       AC:  0    Str: 18    XL:     9   Next: 66%
Magic:  6/21       EV: 11    Int: 23    God:    Ignis [***...]
Gold:   350        SH:  0    Dex:  7    Spells: 18/25 levels left

rFire   + + .        a - -1 spear (flame)
rCold   + . .        (no shield)
rNeg    + + +        x - +2 robe {rC+ rF+}
rPois   ∞            X - +0 helmet
rElec   .            (no cloak)
rCorr   .            (no gloves)
SInv    .            (no boots)
Will    +....        (no amulet)
Stlth   ++           k - +6 ring of intelligence {=R}
HPRegen 0.30/turn    W - ring of fire
MPRegen 0.17/turn

%: faith
@: corroded, rising, fiery-armoured, flying
A: cold resistance 1, negative energy resistance 3, torment resistance 2, heat
vulnerability 1, in touch with death 1, no potions, faith
a: Renounce Religion, Fiery Armour, Foxfire Swarm


You were on level 7 of the Dungeon.
You worshipped Ignis.
Ignis was most pleased with you.
You visited 2 branches of the dungeon, and saw 8 of its levels.
You also visited: Ossuary.

You collected 516 gold pieces.
You spent 166 gold pieces at shops.

Inventory:

Hand Weapons
 a - a -1 spear of flaming (weapon)
 p - a +0 dagger of electrocution
 u - a +2 short sword of draining
Missiles
 c - 69 stones
 n - 13 poisoned darts
 v - 6 boomerangs
Armour
 e - an orb of energy
 q - a +0 buckler
 x - a +2 robe of resistance (worn)
 X - a +0 helmet (worn)
Magical Staves
 b - a staff of alchemy
 o - a staff of air
Jewellery
 k - a +6 ring of intelligence (left hand) {=R}
 l - a +6 ring of dexterity
 W - a ring of fire (right hand)
Wands
 d - a wand of digging (4)
 f - a wand of flame (25)
 r - a wand of roots (4)
Scrolls
 g - 2 scrolls of enchant armour
 i - 4 scrolls of identify
 m - a scroll of revelation
 B - a scroll of blinking
 C - 4 scrolls of poison
 F - a scroll of fog
 T - 10 scrolls of teleportation
 V - 3 scrolls of vulnerability


   Skills:
 - Level 3.0 Fighting
 - Level 2.4 Polearms
 - Level 2.0 Stealth
 + Level 8.9 Spellcasting
 * Level 5.0 Conjurations
 - Level 6.4 Fire Magic
 * Level 5.0 Alchemy


You had 18 spell levels left.
You knew the following spells:

 Your Spells              Type           Power      Damage    Failure   Level
C - Scorch                Fire           100%       2d9       1%          2
E - Irradiate             Conj/Alch      16%        3d17      22%         5

Your spell library contained the following spells:

 Spells                   Type           Power      Damage    Failure   Level
 Magic Dart               Conj           100%       1d8       1%          1
 Searing Ray              Conj           66%        2d6       1%          2
 Momentum Strike          Conj/Tloc      42%        3d9       3%          2
 Fulminant Prism          Conj/Alch      16%        3d10      8%          4
 Blink                    Tloc           20%        N/A       10%         2
 Jinxbite                 Hex            20%        N/A       10%         2
 Lesser Beckoning         Tloc           20%        N/A       10%         2
 Petrify                  Alch/Erth      21%        N/A       22%         4
 Yara's Violent Unravell  Hex/Alch       10%        3d6       54%         5
 Enfeeble                 Hex            5%         N/A       100%        7
 Sublimation of Blood     Necr           Unusable   N/A       N/A         2

Dungeon Overview and Level Annotations

Branches:
Dungeon (7/15) Zot: 26533  Temple (1/1) D:4 Zot: 5998 Ossuary (visited)

Altars:
Ashenzari
Cheibriados
Dithmenos
Fedhas
Gozag
Hepliaklqana
Kikubaaqudgha
Makhleb
Nemelex Xobeh
Okawaru
Qazlal
Ru
Sif Muna
Trog
Uskayaw
Wu Jian
Xom
Yredelemnul

Shops:
D:3 (   D:5 *

Annotations:
D:7 1 transporter


Innate Abilities, Weirdness & Mutations

You are immune to poison.
Your flesh is cold resistant. (rC+)
You are immune to negative energy. (rN+++)
You are immune to unholy pain and torment.
You are vulnerable to heat. (rF-)
You are in touch with the powers of death.
You do not drink.
You have a special connection with the divine. (Faith)


Message History

You feel a surge of power!
Flames lash the jelly.
The jelly is burned terribly!
You kill the jelly!
A jelly comes into view.
You feel a surge of power!
Flames lash the jelly.
The jelly is burned terribly!
You kill the jelly!
The jelly quivers.
The jelly hits you. The acid corrodes you!
You are splashed with acid!
Casting: Scorch (safe; 1% risk of failure)
Confirm with . or Enter, or press ? or * to list all spells.
You feel a surge of power!
Flames lash the jelly.
The jelly is severely wounded.
The jelly's fire resistance burns away.
The jelly closely misses you.
Casting: Scorch (safe; 1% risk of failure)
Confirm with . or Enter, or press ? or * to list all spells.
You feel a surge of power!
Flames lash the jelly.
The jelly is severely wounded.
The jelly's fire resistance burns away.
The jelly hits you. The acid corrodes you!
You are splashed with acid!
The jelly hits you. The acid corrodes you!
You are splashed with acid!
Casting: Scorch (safe; 1% risk of failure)
Confirm with . or Enter, or press ? or * to list all spells.
You feel a surge of power!
Flames lash the jelly.
The jelly is burned terribly!
You kill the jelly!
The jelly barely misses you.
Casting: Scorch (safe; 1% risk of failure)
Confirm with . or Enter, or press ? or * to list all spells.
You feel a surge of power!
Flames lash the jelly.
The jelly is burned terribly!
You kill the jelly!
The acid dragon bites you!
* * * LOW HITPOINT WARNING * * *
The acid dragon claws you.
* * * LOW HITPOINT WARNING * * *
Your Conjurations skill increases to level 5!
Your Alchemy skill increases to level 5!
You can't drink.
Okay, then.
Unknown command.
Use which ability? (? or * to list)
A protective cloak of flame settles atop you.
The acid dragon bites you.
* * * LOW HITPOINT WARNING * * *
The acid dragon claws you.
* * * LOW HITPOINT WARNING * * *
Use which ability? (? or * to list)
You begin to rise into the air.
The acid dragon bites you.
You die... ##.........#..°[=$°..###.##..### #.#.###.####.○☼☼°☼°○.# #........ .##.# #....# ○☼○○☼ ###.#...##. .##.###.#### ☼☼☼☼○

#...#...# # .##.....#
###○.○####.###...# .#
.####..##
#°☼...○○##.###.#.# .#
.# #..#
#○°#.#○°##.#.#.#.# .#
.# #..#
#○○.JD☼○##..#..#.##.#
.# #..#
#..#@#..##.#.....#...
.####..#
#☼°☼○°○○##.........#.
.......#
#○°○○☼☼°##.#.###.#...
.####.##
##########.#.# #.....
#.# #..©.# #.#.#
#..#.#
#.########....# #.#.#
#..#.#
#........###.## #.#.#
#..#.# #..#####.##..#
#.#.# #..#.# #..#
#.##.######.#.#
#.....


You could see an acid dragon and a jelly.

Vanquished Creatures
  An oklob plant (D:5)
  Sigmund (D:5)
  Duvessa (D:5)
  A black bear (D:6)
  2 ice beasts
  4 ogres
  A centaur (D:7)
  Blork the orc (D:5)
  3 bullfrogs
  2 scorpions
  8 jellies
  Dowan (D:5)
  A killer bee (D:4)
  A howler monkey (D:7)
  4 bullfrog zombies (Ossuary)
  A bombardier beetle (D:4)
  4 hounds
  An orc priest (D:4)
  6 iguanas
  Ijyb (D:5)
  A sleepcap (D:6)
  2 orc wizards
  2 killer bee zombies (Ossuary)
  2 crocodile zombies (Ossuary)
  A hound zombie (Ossuary)
  9 mummies (Ossuary)
  8 howler monkey zombies (Ossuary)
  A gnoll (D:4)
  8 adders
  A white imp (D:7)
  4 ufetubi
  2 dart slugs
  10 orcs
  11 bats
  3 endoplasms
  2 giant cockroaches
  4 hobgoblins
  5 jackals
  2 kobolds
  8 quokkas
  4 ball pythons
  A ball python zombie (Ossuary)
  3 frilled lizards (D:1)
  4 goblins
  2 hobgoblin zombies (D:6)
  A kobold zombie (D:6)
  An orc zombie (D:6)
  A rat (D:2)
148 creatures vanquished.

Vanquished Creatures (collateral kills)
  3 foxfires (D:4)
3 creatures vanquished.

Vanquished Creatures (others)
  66 foxfires
66 creatures vanquished.

Grand Total: 217 creatures vanquished

Notes
Turn   | Place    | Note
-------+----------+-------------------------------------------
     0 | D:1      | Ge0ff the Mummy Cinder Acolyte began the quest for the Orb.
     0 | D:1      | Reached XP level 1. HP: 18/18 MP: 2/2
   273 | D:1      | Reached XP level 2. HP: 24/24 MP: 4/4
   279 | D:1      | Learned a level 2 spell: Scorch
   370 | D:1      | Reached skill level 2 in Spellcasting
   786 | D:1      | Reached skill level 1 in Stealth
   940 | D:2      | Reached XP level 3. HP: 28/29 MP: 1/6
  1951 | D:3      | Found a burning altar of Makhleb.
  2065 | D:3      | Found a sparkling altar of Nemelex Xobeh.
  2114 | D:3      | Found Zoj Nafaskut's Weapon Boutique.
  2123 | D:3      | Bought a +0 dagger of electrocution for 70 gold pieces
  2567 | D:3      | Reached XP level 4. HP: 23/35 MP: 2/8
  2874 | D:4      | Noticed an ogre
  2885 | D:4      | Killed an ogre
  2886 | D:4      | Reached skill level 4 in Spellcasting
  2886 | D:4      | Reached XP level 5. HP: 38/41 MP: 1/11
  3213 | D:4      | Found a bloodstained altar of Trog.
  3260 | D:4      | Reached XP level 6. HP: 30/47 MP: 3/13
  3363 | D:4      | Reached skill level 5 in Spellcasting
  3720 | D:4      | Found a staircase to the Ecumenical Temple.
  3729 | Temple   | Entered the Ecumenical Temple
  4165 | D:4      | Reached skill level 6 in Spellcasting
  4422 | D:4      | Reached XP level 7. HP: 52/52 MP: 9/16
  4751 | D:5      | Entered Level 5 of the Dungeon
  4758 | D:5      | Noticed Ijyb
  4768 | D:5      | Killed Ijyb
  4769 | D:5      | Reached skill level 5 in Fire Magic
  4778 | D:5      | Reached skill level 7 in Spellcasting
  4944 | D:5      | Learned a level 5 spell: Irradiate
  4994 | D:5      | Found an ornate altar of the Wu Jian Council.
  5016 | D:5      | Found a stormy altar of Qazlal.
  5017 | D:5      | Found a broken altar of Ashenzari.
  5018 | D:5      | Noticed Sigmund
  5021 | D:5      | Killed Sigmund
  5022 | D:5      | Reached skill level 1 in Conjurations
  5022 | D:5      | Reached skill level 1 in Alchemy
  5022 | D:5      | Reached XP level 8. HP: 58/58 MP: 12/19
  5192 | D:5      | Found a basalt altar of Yredelemnul.
  5195 | D:5      | Noticed Duvessa
  5196 | D:5      | Noticed Dowan
  5208 | D:5      | Found Ahuntiz's General Store.
  5549 | D:5      | Noticed Blork the orc
  5557 | D:5      | Killed Blork the orc
  5692 | D:5      | Bought a wand of roots (4) for 96 gold pieces
  5724 | D:5      | Killed Duvessa
  5825 | D:5      | Killed Dowan
  5903 | D:5      | Found a blossoming altar of Fedhas.
  5921 | D:5      | Noticed an oklob plant
  5960 | D:5      | Killed an oklob plant
  5961 | D:5      | Reached skill level 8 in Spellcasting
  6313 | D:6      | Found a sand-covered staircase.
  6318 | Ossuary  | Entered an ossuary
  6569 | Ossuary  | Reached XP level 9. HP: 61/63 MP: 10/21
  8777 | D:7      | Found a transporter.
  8947 | D:7      | Found a transporter.
  9029 | D:7      | Reached skill level 5 in Conjurations
  9029 | D:7      | Reached skill level 5 in Alchemy
  9029 | D:7      | HP: 3/63 [acid dragon (1)]
  9030 | D:7      | Slain by an acid dragon

Illustrated notes

Levels and vault maps discovered:
D:1:      dpeg_arrival_line_fractal, layout_rooms, serial_forest,
          infiniplex_forest_clump_double, infiniplex_forest_clump_long,
          infiniplex_forest_end_double, infiniplex_forest_pool,
          infiniplex_forest_clump_tiny, hangedman_decor_opposing
D:2:      layout_loops_ring, minmay_unequal
D:3:      layout_loops_corners, lemuel_coloured_pillars_altar,
          mainiacjoe_overflow_boulevard, serial_shops, shop
D:4:      minmay_chambers_of_fours, layout_gridville, kennysheep_little_box,
          minmay_temple_entry_crystal_x, serial_bayou, serial_bayou_pond_a,
          serial_bayou_pond_c, serial_bayou_pond_c, serial_bayou_pond_a,
          chequers_big_river, cheibrodos_gnoll_hut
D:5:      layout_rooms, nzn_wu_jian_contemplation,
          mainiacjoe_overflow_tiny_flanked, grunt_temple_overflow_open,
          tgw_fedhas, serial_shops, shop_statue, serial_bayou_pond_e,
          uniq_sigmund, uniq_blork_the_orc, uniq_duvessa, uniq_ijyb
D:6:      nicolae_cairo_tiling_large_dashed, layout_cave_pods, enter_ossuary_5,
          minmay_mini_ossuary
D:7:      gammafunk_cloud_chamber, layout_loops_ring
Temple:   nicolae_temple_godzebo

Skill      XL: |  1  2  3  4  5  6  7  8  9 |
---------------+----------------------------+-----
Spellcasting   | 2 4 6 7 8 |  8.9
Stealth        | 1 2 |  2.0
Fire Magic     | 3 4 5 6 |  6.4
Conjurations   | 1 3 5 |  5.0
Alchemy        | 1 3 5 |  5.0
Fighting       | |  3.0
Polearms       | |  2.4

Action                     |  1- 3 |  4- 6 |  7- 9 || total
---------------------------+-------+-------+-------++-------
  Melee: Spear             |    90 |     8 |    58 ||   156
         Punch             |       |       |     2 ||     2
  Throw: Stone             |       |       |     2 ||     2
         Dart              |       |       |     1 ||     1
   Cast: Scorch            |    28 |    57 |   176 ||   261
         Irradiate         |       |       |     1 ||     1
 Invoke: Foxfire Swarm     |       |     2 |     2 ||     4
         Rising Flame      |       |       |     1 ||     1
         Fiery Armour      |       |       |     1 ||     1
  Evoke: Wand              |       |       |     1 ||     1
    Use: Scroll            |       |       |     9 ||     9
 Armour: Robe              |    51 |    17 |    74 ||   142
  Dodge: Dodged            |    48 |    20 |    49 ||   117

Table legend: (Time is in decaauts)
 A = Elapsed time spent in this place.
 B = Non-inter-level travel time spent in this place.
 C = Inter-level travel time spent in this place.
 D = Time resting spent in this place.
 E = Time spent auto-exploring this place.
 F = Levels seen in this place.
 G = Mean time per level.
                   A        B        C        D        E       F      G
               +--------+--------+--------+--------+--------+-----+--------+
         Total |   9077 |   8740 |    337 |    656 |   6733 |   9 | 1008.6 |
       Dungeon |   8122 |   7786 |    336 |    226 |   6427 |   7 | 1160.3 |
        Temple |      1 |      1 |      0 |      0 |      0 |   1 |    1.0 |
       Ossuary |    952 |    952 |      0 |    430 |    305 |   1 |  952.0 |
               +--------+--------+--------+--------+--------+-----+--------+

Top non-repeatable levels by time:
     D:4: 2024 daAuts
     D:5: 1411 daAuts
     D:6: 1275 daAuts
     D:3: 1086 daAuts
     D:2: 1012 daAuts
 Ossuary: 952 daAuts
     D:1: 847 daAuts
     D:7: 465 daAuts
  Temple: 1 daAuts
